 Dungeon Crawl Stone Soup version 0.18-a0-946-g3ac5b32 (webtiles) character file.

13327 Duffy the Grappler (level 12, -12/106 HPs)
             Began as a Hill Orc Monk on Dec 29, 2015.
             Was the Champion of Cheibriados.
             Killed by drain life
             ... invoked by a soul eater
             ... summoned by a kobold demonologist
              (14 damage)
             ... on level 11 of the Dungeon.
             The game lasted 00:13:10 (12804 turns).

Duffy the Grappler (Hill Orc Monk)                 Turns: 12804, Time: 00:13:10

Health: -12/106    AC: 15    Str: 35    XL:     12   Next: 4%
Magic:  19/19      EV: 17    Int: 25    God:    Cheibriados [******]
Gold:   554        SH:  5    Dex: 30    Spells: 0 memorised, 11 levels left

rFire  . . .     SeeInvis .       - Unarmed
rCold  . . .     Gourm    .     v - +0 chain mail
rNeg   . . .     Faith    .     (no shield)
rPois  .         Spirit   .     m - +0 helmet
rElec  .         Dismiss  .     I - +0 cloak
rCorr  .         Reflect  +     (no gloves)
SustAt +         Harm     .     (no boots)
MR     .....                    M - +5 amulet of reflection
Stlth  ..........               h - ring "Kudwiomn" {AC+2 Str+3}
                                t - ring of sustain attributes

@: lethally poisoned (-12 -> -12), very slow, not resistant to hostile
enchantments, extremely unstealthy
A: no striking features
a: Bend Time, Temporal Distortion, Slouch, Step From Time, Renounce Religion


You were on level 11 of the Dungeon.
You worshipped Cheibriados.
Cheibriados was exalted by your worship.
You were not hungry.

You visited 2 branches of the dungeon, and saw 12 of its levels.

You collected 554 gold pieces.


   Skills:
 + Level 9.9 Fighting
 + Level 4.1 Staves
 + Level 8.1 Armour
 + Level 6.9 Dodging
 - Level 1.5 Stealth
 - Level 12.0 Unarmed Combat
 - Level 10.0 Invocations


You had 11 spell levels left.
You didn't know any spells.

Inventory:

Hand Weapons
 K - a +0 blowgun
Missiles
 o - 56 poisoned needles
Armour
 m - a +0 helmet (worn)
 v - a +0 chain mail (worn)
 C - the -2 pair of gloves "Xiutumpe" {rN+ Str+3}

   It affects your strength (+3).
   It protects you from negative energy.
 I - a +0 cloak (worn)
Magical Staves
 w - a cursed staff of poison {unknown}
 L - an uncursed staff of conjuration {unknown}
Jewellery
 h - the ring "Kudwiomn" (right hand) {AC+2 Str+3}

   [ring of protection]

   It affects your AC (+2).
   It affects your strength (+3).
 k - an uncursed ring of teleportation
 t - a ring of sustain attributes (left hand)
 M - a +5 amulet of reflection (around neck)
Wands
 G - a wand of random effects (16/48)
 J - a wand of slowing (22/48)
 N - a wand of cold (6/15)
 R - a wand of draining (5/15)
Scrolls
 c - 3 scrolls of enchant armour
 d - a scroll of noise {unknown}
 e - 6 scrolls of remove curse
 g - 2 scrolls of teleportation
 i - a scroll of brand weapon {unknown}
 l - 2 scrolls of recharging {unknown}
 p - 2 scrolls of amnesia {unknown}
 r - 2 scrolls of random uselessness {unknown}
 x - a scroll of immolation {unknown}
 y - 2 scrolls of blinking {unknown}
 F - 2 scrolls of magic mapping {unknown}
 P - a scroll of fear {unknown}
Potions
 a - a potion of cancellation
 n - 2 potions of cure mutation
 q - 3 potions of might
 s - 4 potions of curing
 u - a potion of poison
 z - 3 potions of flight
 A - a potion of berserk rage
 B - a potion of agility
 D - a potion of resistance
Comestibles
 b - 7 bread rations
 f - 8 meat rations
 j - a fruit
 E - 9 slices of pizza
 H - 13 royal jellies
 O - 2 beef jerkies
 Q - 3 chunks of flesh

Dungeon Overview and Level Annotations

Branches:
Dungeon (11/15)            Temple (1/1) D:5            Lair (0/8) D:10
    Orc (0/2) D:11

Altars:
Ashenzari
Cheibriados
Dithmenos
Elyvilon
Fedhas
Gozag
Kikubaaqudgha
Makhleb
Nemelex Xobeh
Okawaru
Pakellas
Qazlal
Ru
Sif Muna
Trog
Vehumet
Xom
Yredelemnul
Zin
The Shining One

Shops:
D:6 *   D:7 [   D:8 %   D:9 [   D:10 %

Annotations:
D:11 Nergalle


Message History

The hound completely misses you.
The spectral orc warrior hits you with a trident.
The spectral orc warrior misses you.
The soul eater draws from the surrounding life force!
You pummel Nergalle!!
Nergalle is severely wounded.
The hound misses you. Nergalle completely misses you.
The spectral orc misses you.
The spectral orc warrior closely misses you.
The spectral orc warrior hits you with a halberd.
The hound bites you.
You completely miss Nergalle.
Nergalle is severely wounded.
Nergalle casts a spell.
Nergalle stands defiantly in death's doorway!
You block the spectral orc's attack.
The kobold demonologist casts a cantrip, but nothing happens.
You block the hound's attack.
The spectral orc warrior completely misses you.
You hit Nergalle but do no damage. You punch Nergalle, but do no damage.
Nergalle is almost dead.
The spectral orc warrior barely misses you.
You block Nergalle's attack. The spectral orc closely misses you.
The soul eater draws from the surrounding life force!
You barely miss Nergalle. You punch Nergalle, but do no damage.
Nergalle is almost dead.
You block the spectral orc warrior's attack.
Nergalle hits you but does no damage. The spectral orc misses you.
You block the spectral orc warrior's attack.
You punch Nergalle!
Nergalle is almost dead.
You feel sick.
The kobold demonologist gestures wildly while chanting.
The soul eater draws from the surrounding life force!
You die...

#........(....
#....###)(((<. ##
##....##..###.. ...
#.....##.## #..
.... ## #..####.!
#.. ...##. ###..#
...# #..
......###Z...# .##
...
##.##..KoZZ##.##.
...
......5h3@ZZ...#
$##
[.....35#####....#
.....4KK5........#
...........>.......
...................
........:...... .
.......#.......
..##.## .....c. ..
.. .......


You could see 2 soul eaters, Nergalle, a hellwing, 3 spectral orcs, 2 spectral
orc warriors, 2 kobold demonologists, a hound, an iron imp and a quasit.

Action                   |  1- 3 |  4- 6 |  7- 9 | 10-12 || total
-------------------------+-------+-------+-------+-------++-------
Melee: Unarmed           |   169 |   294 |   272 |   410 ||  1145
Invok: Slouch            |       |       |       |     2 ||     2
  Use: Scroll            |       |     6 |     1 |     6 ||    13
       Potion            |       |     1 |     3 |       ||     4
  Eat: Chunk             |     2 |    10 |     5 |     8 ||    25
       Bread ration      |       |       |     1 |       ||     1

Notes
Turn   | Place    | Note
--------------------------------------------------------------
     0 | D:1      | Duffy the Hill Orc Monk began the quest for the Orb.
     0 | D:1      | Reached XP level 1. HP: 19/19 MP: 1/1
    33 | D:1      | Reached XP level 2. HP: 10/26 MP: 2/2
   257 | D:1      | Reached skill level 5 in Unarmed Combat
   531 | D:1      | Reached XP level 3. HP: 28/31 MP: 3/3
  1132 | D:2      | Found a faded altar to an unknown god.
  1622 | D:2      | Reached skill level 6 in Unarmed Combat
  1622 | D:2      | Reached XP level 4. HP: 39/39 MP: 4/4
  2450 | D:3      | Reached XP level 5. HP: 45/45 MP: 5/5
  3158 | D:4      | Reached skill level 7 in Unarmed Combat
  3408 | D:4      | Got a wavering amber ring
  3430 | D:4      | Identified the ring "Kudwiomn" {AC+2 Str+3} (You found it on level 4 of the Dungeon)
  3551 | D:4      | Reached XP level 6. HP: 47/51 MP: 6/6
  3767 | D:4      | Reached skill level 8 in Unarmed Combat
  4141 | D:5      | Entered Level 5 of the Dungeon
  4375 | D:5      | Found a staircase to the Ecumenical Temple.
  4404 | Temple   | Entered the Ecumenical Temple
  4412 | Temple   | Became a worshipper of Cheibriados the Contemplative
  4412 | Temple   | Reached * piety under Cheibriados
  4412 | Temple   | Reached ** piety under Cheibriados
  4456 | D:5      | Got a blackened great sword
  4457 | D:5      | Identified the cursed +2 great sword "Juufycoit" {slice, rElec} (You found it on level 5 of the Dungeon)
  4845 | D:5      | Got a pair of fine gloves
  4851 | D:5      | Identified the cursed -2 pair of gloves "Xiutumpe" {rN+ Str+3} (You found it on level 5 of the Dungeon)
  4976 | D:5      | Reached XP level 7. HP: 58/58 MP: 7/7
  4998 | D:5      | Reached skill level 4 in Fighting
  4998 | D:5      | Reached skill level 1 in Armour
  5280 | D:6      | Reached skill level 9 in Unarmed Combat
  5421 | D:6      | Reached skill level 2 in Armour
  5434 | D:6      | Reached skill level 3 in Dodging
  5612 | D:6      | Found a basalt altar of Yredelemnul.
  5614 | D:6      | Found a bloodstained altar of Trog.
  5614 | D:6      | Found a deep blue altar of Sif Muna.
  5638 | D:6      | Reached *** piety under Cheibriados
  5768 | D:6      | Reached XP level 8. HP: 56/67 MP: 8/8
  5969 | D:6      | Reached skill level 5 in Fighting
  6020 | D:6      | Found a glowing golden altar of the Shining One.
  6062 | D:6      | Found a white marble altar of Elyvilon.
  6080 | D:6      | Reached skill level 3 in Armour
  6104 | D:6      | Found Fuxzo's Fabulous Fripperies.
  6644 | D:7      | Noticed Crazy Yiuf
  6650 | D:7      | Killed Crazy Yiuf
  6650 | D:7      | Reached skill level 10 in Unarmed Combat
  6692 | D:7      | Found an ancient bone altar of Kikubaaqudgha.
  6827 | D:7      | Reached skill level 6 in Fighting
  6830 | D:7      | Reached **** piety under Cheibriados
  6911 | D:7      | Reached skill level 4 in Armour
  6911 | D:7      | Reached XP level 9. HP: 67/75 MP: 9/9
  6935 | D:7      | Reached skill level 4 in Dodging
  6998 | D:7      | Found a runed door.
  7050 | D:7      | Found Luesokh's Armour Boutique.
  7646 | D:7      | Found a runed door.
  7858 | D:7      | Reached skill level 11 in Unarmed Combat
  7925 | D:8      | Found Safupum's Food Shoppe.
  8215 | D:8      | Reached skill level 7 in Fighting
  8219 | D:8      | Reached skill level 5 in Armour
  8278 | D:8      | Noticed Erolcha
  8281 | D:8      | Noticed a deep elf mage
  8285 | D:8      | Killed Erolcha
  8285 | D:8      | Reached skill level 5 in Dodging
  8285 | D:8      | Reached XP level 10. HP: 74/88 MP: 10/10
  8291 | D:8      | Killed a deep elf mage
  8291 | D:8      | Reached skill level 12 in Unarmed Combat
  8400 | D:8      | Reached skill level 2 in Invocations
  8568 | D:8      | Reached ***** piety under Cheibriados
  8568 | D:8      | Reached skill level 3 in Invocations
  8655 | D:8      | Reached skill level 4 in Invocations
  9046 | D:8      | Reached skill level 5 in Invocations
  9337 | D:9      | Found Ruvuwk's Antique Armour Shoppe.
  9449 | D:9      | Reached skill level 6 in Invocations
  9640 | D:9      | Reached skill level 7 in Invocations
  9653 | D:9      | Reached skill level 8 in Invocations
  9655 | D:9      | Reached skill level 9 in Invocations
  9876 | D:9      | Reached skill level 10 in Invocations
 10034 | D:9      | Noticed Grum
 10035 | D:9      | Reached skill level 8 in Fighting
 10035 | D:9      | Reached skill level 6 in Armour
 10035 | D:9      | Reached XP level 11. HP: 94/94 MP: 18/18
 10047 | D:9      | Killed Grum
 10047 | D:9      | Reached skill level 1 in Staves
 10531 | D:9      | Noticed a three-headed hydra
 10549 | D:9      | Killed a three-headed hydra
 10549 | D:9      | Reached skill level 2 in Staves
 10920 | D:9      | Reached skill level 7 in Armour
 11070 | D:10     | Entered Level 10 of the Dungeon
 11107 | D:10     | Reached skill level 6 in Dodging
 11135 | D:10     | Reached skill level 9 in Fighting
 11294 | D:10     | Found a staircase to the Lair.
 11304 | D:10     | Found Surah's Food Shop.
 11376 | D:10     | Noticed a hill giant
 11385 | D:10     | Killed a hill giant
 11385 | D:10     | Reached ****** piety under Cheibriados
 11385 | D:10     | Reached skill level 3 in Staves
 12209 | D:8      | Noticed a yaktaur captain
 12466 | D:8      | Killed a yaktaur captain
 12705 | D:11     | Found a staircase to the Orcish Mines.
 12768 | D:11     | Noticed Nergalle
 12776 | D:11     | Reached skill level 8 in Armour
 12780 | D:11     | Reached skill level 4 in Staves
 12780 | D:11     | Reached XP level 12. HP: 37/106 MP: 19/19
 12804 | D:11     | Killed from afar by a soul eater

Vault maps used:
D:1:      dpeg_arrival_tiny_i
D:2:      ecumenical_altar_1, serial_forest, infiniplex_forest_clump_tiny,
          infiniplex_forest_clump_long, infiniplex_forest_lined_corner,
          infiniplex_forest_clump_tiny, infiniplex_forest_end_2
D:3:      first_bread
D:5:      minmay_temple_entry_metal_lava
D:6:      kennysheep_mini, grunt_temple_overflow_open, basic_altar,
          nicolae_alphabet_shops
D:7:      lemuel_insect_pit, nicolae_overflow_crystal_walls, serial_shops, shop,
          uniq_crazy_yiuf_cottage
D:8:      minmay_diamond_stairs, serial_shops, shop_statue, uniq_erolcha
D:9:      serial_shops, nicolae_shop_trees, hangedman_ranch,
          nrook_pool_corridor, lemuel_jelly_drop, uniq_grum
D:10:     lair_0_dummy, serial_shops, shop, kennysheep_doodads
D:11:     portal_ice_cave_entry_ice_beasts, fedhas_altar_3, uniq_nergalle
Temple:   nicolae_temple_no_exploring_needed

Vanquished Creatures
  Erolcha
  A yaktaur captain
  A hydra
  A hill giant
  A deep elf mage
  A queen bee
  A two-headed ogre
  A troll
  A shadow
  8 yaks
  A hippogriff
  2 wyverns Grum
  A hungry ghost
  2 wolves
  A water moccasin
  5 ice beasts
  4 orc warriors
  A wasp
  A black bear
  3 ogres
  2 phantoms
  4 big kobolds
  A crocodile
  10 centaurs
  7 giant frogs
  A wyvern zombie
  A water moccasin zombie
  3 scorpions
  31 killer bees
  5 wights
  4 crimson imps
  6 hounds
  A quasit
  3 centaur zombies Crazy Yiuf
  3 giant frog skeletons
  13 jellies
  3 orc priests
  3 centaur skeletons
  7 orc wizards
  2 iguanas
  15 worker ants
  2 sheep
  A hound zombie
  A hound skeleton
  4 gnolls
  A worker ant zombie
  2 shadow imps
  12 adders
  3 worms
  8 giant geckos
  22 orcs
  3 ball pythons
  6 bats
  13 giant cockroaches
  10 goblins
  8 hobgoblins
  11 jackals
  12 kobolds
  3 quokkas
  A giant gecko skeleton
  6 giant newts
  A jackal skeleton
  A quokka skeleton
  9 rats
  2 plants
307 creatures vanquished.
